 Dungeon Crawl Stone Soup version 0.22-a0-282-gdd34a7d (webtiles) character file.

71005 Amnesiac the Covert (level 14, -8/99 HPs)
             Began as a Deep Elf Enchanter on Mar 18, 2018.
             Was a High Priest of Ashenzari.
             Killed from afar by a ynoxinul (34 damage)
             ... with an iron shot
             ... summoned by an orc high priest
             ... on level 2 of the Orcish Mines.
             The game lasted 00:56:07 (21699 turns).

Amnesiac the Covert (Deep Elf Enchanter)           Turns: 21699, Time: 00:56:08

Health: -8/99      AC:  8    Str:  7    XL:     14   Next: 96%
Magic:  3/28       EV: 20    Int: 25    God:    Ashenzari [*****.]
Gold:   1192       SH: 13    Dex: 16    Spells: 11/29 levels left

rFire    + . .     SeeInvis +   a - +1 dagger (elec)
rCold    + + .     Gourm    .   M - +2 shield {rPois}
rNeg     . . .     Faith    .   c - +2 leather armour {rF+}
rPois    +         Spirit   .   e - +1 hat
rElec    .         Reflect  .   i - scarf {rC+ rF+} (curse)
rCorr    .         Harm     .   l - +0 pair of gloves (curse)
MR       +....     Clarity  +   m - +0 pair of boots (curse)
Stlth    ++++++....             (no amulet)
HPRegen  0.26/turn              x - +2 ring of strength
MPRegen  0.21/turn              G - ring of ice

@: drained
A: poison resistance, robust 1, MP-powered wands
a: Curse Item, Scrying, Transfer Knowledge, Renounce Religion


You were on level 2 of the Orcish Mines.
You worshipped Ashenzari.
Ashenzari was extremely pleased with you.
You were not hungry.

You visited 2 branches of the dungeon, and saw 17 of its levels.
You visited the Abyss 1 time.
You also visited: Ice Cave.

You collected 1620 gold pieces.
You spent 428 gold pieces at shops.

Inventory:

Hand Weapons
 a - a +1 dagger of electrocution (weapon)
 b - a +0 blowgun
 E - a +1 dagger of distortion
Missiles
 f - 16 curare-tipped needles
 q - 32 poisoned needles
Armour
 c - a +2 leather armour of fire resistance (worn)
 e - a +1 hat (worn)
 i - a cursed scarf of resistance (worn)
 l - a cursed +0 pair of gloves (worn)
 m - a cursed +0 pair of boots (worn)
 M - a +2 shield of poison resistance (worn)
Jewellery
 r - an uncursed ring of protection from cold
 x - a +2 ring of strength (left hand)
 G - a ring of ice (right hand)
Wands
 h - a wand of scattershot (4)
 w - a wand of flame (14)
 y - a wand of iceblast (26)
 H - a wand of acid (10)
 O - a wand of digging (7)
Scrolls
 j - 7 scrolls of identify {!r}
 k - a scroll of fear {!r}
 n - 2 scrolls of blinking {!r}
 u - 2 scrolls of magic mapping {!r}
 A - 10 scrolls of remove curse {!r}
 C - 2 scrolls of enchant weapon {!r}
 I - a scroll of enchant armour {!r}
 J - a scroll of teleportation {!r}
 K - a scroll of fog {!r}
Potions
 g - 3 potions of mutation {!q}
 o - 2 potions of agility {!q}
 p - 3 potions of curing {!q}
 t - 2 potions of flight {!q}
 v - 3 potions of heal wounds {!q}
 z - a potion of resistance {!q}
 B - 5 potions of lignification {!q}
 D - 3 potions of might {!q}
 F - 2 potions of cancellation {!q}
 N - a potion of haste {!q}
Comestibles
 d - 25 rations
 s - 18 chunks of flesh


   Skills:
 * Level 11.4(11.1) Fighting
 - Level 8.0(7.7) Short Blades
 + Level 11.4(13.5) Dodging
 - Level 13.0(15.0) Stealth
 - Level 10.0(9.7) Shields
 - Level 8.0(7.7) Spellcasting
 - Level 8.0(7.7) Conjurations
 - Level 8.0(7.7) Hexes
 - Level 8.1(7.9) Transmutations


You had 11 spell levels left.
You knew the following spells:

 Your Spells              Type           Power        Failure   Level  Hunger
a - Ensorcelled Hibernat  Hex/Ice        #####.       5%          2    None
c - Apportation           Tloc           #.....       19%         1    None
d - Dazzling Spray        Conj/Hex       #####.       2%          3    None
e - Confuse               Hex            #####...     2%          3    None
f - Irradiate             Conj/Tmut      #####.....   21%         5    #####..
w - Tukima's Dance        Hex            #####...     2%          3    None
z - Confusing Touch       Hex            #####.       1%          1    None


Dungeon Overview and Level Annotations

Branches:
Dungeon (15/15)            Temple (0/1) D:4            Lair (0/6) D:9
    Orc (2/2) D:11            Elf (0/3) Orc:2        Vaults (0/5) D:13
 Depths (0/5) D:15

Altars:
Ashenzari
Elyvilon
Hepliaklqana
Kikubaaqudgha
Okawaru
Ru
Sif Muna
Trog
Uskayaw
Wu Jian
The Shining One
Beogh

Shops:
D:7 [   D:10 [   Orc:1 ?   Orc:2 =%*}

Annotations:
D:6 Amnesiac's ghost, novice TeWz


Innate Abilities, Weirdness & Mutations

Your system is resistant to poisons. (rPois)
You are robust. (+10% HP)
You expend magic power (3 MP) to strengthen your wands.


Message History

The orc warrior is almost dead.
The orc high priest prays to Beogh.
You block the orc warrior's attack.
The orc priest looks satisfied for a moment.
Really read
L - a scroll labeled UTAONK VOOCHO {!r}?
As you read the scroll labeled UTAONK VOOCHO {!r}, it crumbles to dust.
It is a scroll of amnesia.
Your memory of Corona unravels.
The orc warrior no longer looks unusually strong.
The orc high priest hits you but does no damage.
The orc priest dies!
You block the orc warrior's attack. The ynoxinul hits you.
* * * LOW HITPOINT WARNING * * *
The soul eater hits you.
* * * LOW HITPOINT WARNING * * *
You feel drained.
Evoke which item? (* to show all) (? for menu, Esc to quit)
Okay, then.
Okay, then.
Unknown command.
Okay, then.
Unknown command.
Unknown command.
You hit the orc warrior but do no damage.
The orc warrior is almost dead.
You block the orc high priest's attack.
You hit the orc high priest.
The orc high priest is heavily wounded.
The orc knight roars a battlecry!
The orcs go into a battle-frenzy!
The orc wizard casts a spell.
The orc wizard blinks!
The orc warrior completely misses you.
The ynoxinul gestures.
You block the soul eater's attack.
You closely miss the orc warrior.
The orc warrior is almost dead.
The orc dies!
You block the orc high priest's attack. Something barely misses your halberd.
You hit the orc warrior but do no damage.
The orc warrior is almost dead.
The orc warrior closely misses you.
The soul eater draws from the surrounding life force!
* * * LOW HITPOINT WARNING * * *
The ynoxinul hits you but does no damage.
You hit the orc warrior but do no damage.
Lightning courses through the orc warrior!
You kill the orc warrior!
You block the orc high priest's attack. Something hits your halberd.
The ynoxinul completely misses you.
The soul eater draws from the surrounding life force!
* * * LOW HITPOINT WARNING * * *
You hit the orc high priest.
Lightning courses through the orc high priest!
The orc high priest is severely wounded.
You block the ufetubus's attack. The ufetubus closely misses you.
You feel a bit more experienced.
You hit the orc high priest.
The orc high priest is almost dead.
Your halberd falls from the air.
The ufetubus barely misses you. You block the ufetubus's attack.
The orc high priest completely misses you.
The ynoxinul gestures at you. The iron shot hits you!
You die...

#........##.....................#
...............................##
...............................##
####.###.###..######............#
#.# #.# #..#...∩#............#
####.###.###..#.)..#............#
).............#.35.#............#
)###..........##o###...........##
.# #..8.[)8....3@3oo)...........#
.# #)).))))().##5###)...........#
.###.###'###[.#....#∆...........#
.....#.....#..#....#............#
.###.#.....#÷.#....#...{.......##
.# #.#.._..#..#...∩#.o..........#
.#*#.#######..######....o......##
.. .................{......(....#
.. ..........{..............(...#


You could see an orc knight, a soul eater, an orc high priest, a sun demon, a
ynoxinul, an orc wizard and 2 ufetubi.

Vanquished Creatures
  Rupert (D:14)
  A frost giant (IceCv)
  Louise (D:14)
  Azrael (D:14)
  Snorg (D:11)
  Josephine (D:14)
  5 hydras
  2 centaur warriors
  4 two-headed ogres
  A tengu warrior (D:13)
  Sonja (D:11)
  2 wizards (D:13)
  4 unseen horrors
  The ghost of Amnesiac the Slicer, a novice DEEn of Ashenzari (D:8)
  7 orc knights
  A deep elf mage (D:15)
  A lindwurm (shapeshifter) (D:15)
  An orc sorcerer (Orc:1)
  A wolf spider (D:15)
  A salamander (D:15)
  2 necromancers (D:13)
  14 ugly things
  A manticore (shapeshifter) (D:14)
  A wolf spider zombie (D:12)
  3 cyclopes
  2 manticores
  5 centaur zombies
  An ice statue (IceCv)
  3 kobold demonologists (D:13)
  A redback zombie (D:15)
  A freezing wraith (D:15)
  2 komodo dragons
  2 efreet
  2 demonic crawlers (D:14)
  14 polar bears (IceCv)
  10 trolls
  6 meliai
  A hornet (D:15)
  Prince Ribbit (D:8)
  8 slime creatures
  3 hippogriffs
  2 shadows
  2 wyverns
  A spriggan (D:13)
  3 wraiths (D:14)
  27 yaks
  4 fire elementals
  2 vampires
  19 humans (D:13)
  A basilisk (D:15)
  4 vampire mosquitoes
  3 hungry ghosts
  5 wargs
  A soldier ant (D:12)
  3 hell hounds (D:14)
  38 orc warriors
  3 phantoms
  4 sky beasts
  12 ice beasts
  A black bear (D:12)
  3 eyes of draining
  5 boggarts (D:15)
  A hornet zombie (D:5)
  10 wolves (IceCv)
  2 necrophages
  2 crocodiles
  9 ogres
  10 centaurs
  A gnoll sergeant (D:9)
  3 big kobolds
  9 bullfrogs
  2 wyvern zombies
  A wyvern skeleton (D:12)
  8 scorpions
  3 wights (D:10)
  3 killer bees (D:11)
  6 howler monkeys
  4 crimson imps
  3 hounds
  2 bullfrog zombies
  5 jellies
  18 orc priests
  3 bullfrog skeletons
  27 orc wizards
  Jessica (D:2)
  5 centaur skeletons
  7 worker ants
  3 iguanas
  Terence (D:3)
  A killer bee zombie (D:8)
  A worker ant zombie (D:8)
  10 adders
  11 gnolls
  A howler monkey skeleton (D:11)
  2 shadow imps
  3 oozes
  An adder zombie (D:8)
  An adder skeleton (D:9)
  3 worms
  3 dart slugs
  6 leopard geckos
  94 orcs
  A ball python (D:6)
  4 bats
  7 giant cockroaches
  5 goblins
  13 hobgoblins
  6 jackals
  31 kobolds
  4 quokkas
  3 frilled lizards
  4 rats
628 creatures vanquished.

Vanquished Creatures (collateral kills)
  A vault guard (D:12)
  An ogre (D:4)
  2 orc priests (Orc:2)
  An orc (Orc:2)
5 creatures vanquished.

Vanquished Creatures (others)
  A dancing weapon (D:5)
  An orc (Orc:2)
  A kobold (D:13)
  8 plants (D:9)
11 creatures vanquished.

Grand Total: 644 creatures vanquished

Notes
Turn   | Place    | Note
-------+----------+-------------------------------------------
     0 | D:1      | Amnesiac the Deep Elf Enchanter began the quest for the Orb.
     0 | D:1      | Reached XP level 1. HP: 10/10 MP: 6/6
   103 | D:1      | Reached skill level 4 in Stealth
   229 | D:1      | Reached XP level 2. HP: 14/15 MP: 5/8
   245 | D:1      | Learned a level 2 spell: Ensorcelled Hibernation
   662 | D:1      | Reached XP level 3. HP: 19/19 MP: 9/9
   720 | D:1      | Learned a level 3 spell: Confuse
  1098 | D:2      | Noticed Jessica
  1143 | D:2      | Killed Jessica
  1143 | D:2      | Reached XP level 4. HP: 24/24 MP: 6/10
  1281 | D:2      | Found an iron altar of Okawaru.
  1281 | D:2      | Found an ornate altar of the Wu Jian Council.
  1282 | D:2      | Found a shattered altar of Ashenzari.
  1878 | D:3      | Found a faded altar of an unknown god.
  2225 | D:2      | Became a worshipper of Ashenzari the Shackled
  2650 | D:2      | Learned a level 3 spell: Tukima's Dance
  2975 | D:3      | Noticed Terence
  2986 | D:3      | Killed Terence
  2986 | D:3      | Reached XP level 5. HP: 28/28 MP: 5/11
  3216 | D:4      | Noticed an ogre
  3217 | D:4      | Killed an ogre
  3217 | D:4      | Reached skill level 5 in Short Blades
  3270 | D:4      | Noticed an ogre
  3298 | D:4      | Killed an ogre
  3298 | D:4      | Reached XP level 6. HP: 19/32 MP: 0/12
  3359 | D:4      | Noticed an orc warrior
  3505 | D:4      | Reached skill level 5 in Stealth
  3610 | D:4      | Found a bloodstained altar of Trog.
  3620 | D:5      | Entered Level 5 of the Dungeon
  3620 | D:5      | Noticed a sky beast
  3622 | D:5      | Killed a sky beast
  3643 | D:6      | Noticed Amnesiac's ghost (novice TeWz)
  3971 | D:4      | Gained mutation: You expend magic power (3 MP) to strengthen your wands. [potion of mutation]
  3971 | D:4      | Gained mutation: Your system is resistant to poisons. (rPois) [potion of mutation]
  3971 | D:4      | Gained mutation: You are robust. (+10% HP) [potion of mutation]
  4147 | D:4      | Found a staircase to the Ecumenical Temple.
  4574 | D:4      | Reached XP level 7. HP: 35/39 MP: 11/13
  4586 | D:4      | Reached skill level 6 in Stealth
  4949 | D:5      | Reached skill level 7 in Stealth
  4957 | D:5      | Reached XP level 8. HP: 45/45 MP: 2/14
  5302 | D:5      | Found a white marble altar of Elyvilon.
  5433 | D:5      | Reached skill level 8 in Stealth
  5748 | D:6      | Reached * piety under Ashenzari
  5758 | D:6      | Found a hazy altar of Hepliaklqana.
  5774 | D:6      | Learned a level 1 spell: Confusing Touch
  5776 | D:6      | Learned a level 1 spell: Apportation
  5780 | D:6      | Learned a level 3 spell: Dazzling Spray
  5864 | D:6      | Found an ancient bone altar of Kikubaaqudgha.
  6109 | D:6      | Reached skill level 5 in Spellcasting
  6109 | D:6      | Reached skill level 5 in Hexes
  6623 | D:7      | Reached XP level 9. HP: 49/49 MP: 18/21
  6624 | D:7      | Found Loeph's Antique Armour Shoppe.
  6690 | D:7      | Bought a runed scarf for 136 gold pieces
  6695 | D:7      | Bought an ancient robe for 96 gold pieces
  6705 | D:7      | Identified the +1 robe "Nuelym" {rPois rN+ Dex-5} (You bought it in a shop on level 7 of the Dungeon)
  7091 | D:7      | Reached ** piety under Ashenzari
  7352 | D:8      | Noticed Prince Ribbit
  7354 | D:8      | Killed Prince Ribbit
  7506 | D:8      | Noticed Amnesiac's ghost (novice DEEn)
  7521 | D:8      | Killed Amnesiac's ghost
  7753 | D:8      | Found a glowing golden altar of the Shining One.
  7791 | D:8      | Noticed a two-headed ogre
  7812 | D:8      | Killed a two-headed ogre
  7812 | D:8      | Reached skill level 5 in Fighting
  7812 | D:8      | Reached skill level 5 in Dodging
  7812 | D:8      | Reached XP level 10. HP: 47/64 MP: 20/24
  8518 | D:9      | Found a staircase to the Lair.
  8650 | D:9      | Reached skill level 1 in Shields
  8751 | D:9      | Found a sacrificial altar of Ru.
  8752 | D:9      | Found a deep blue altar of Sif Muna.
  8788 | D:9      | Reached *** piety under Ashenzari
  8927 | D:9      | Found an iron altar of Okawaru.
  9096 | D:10     | Entered Level 10 of the Dungeon
  9295 | D:10     | Found Ejeg Via's Antique Armour Shoppe.
  9298 | D:10     | Bought an ancient leather armour for 196 gold pieces
  9378 | D:10     | Found a hide-covered altar of Uskayaw.
  9546 | D:10     | Noticed an unseen horror
  9553 | D:10     | Killed an unseen horror
  9553 | D:10     | Reached XP level 11. HP: 73/73 MP: 25/25
  9813 | D:11     | Noticed an eight-headed hydra
  9834 | D:11     | Killed an eight-headed hydra
  9889 | D:11     | Noticed Sonja
  9920 | D:11     | Found a staircase to the Orcish Mines.
  9931 | D:11     | Cast into level 2 of the Abyss (Sonja)
 10014 | Abyss:2  | Noticed an eidolon
 10027 | Abyss:2  | Noticed a starcursed mass
 10041 | D:11     | Escaped the Abyss
 10140 | D:11     | Killed Sonja
 10320 | D:11     | Noticed an unseen horror
 10325 | D:11     | Killed an unseen horror
 10592 | D:11     | Noticed Snorg
 10608 | D:11     | Killed Snorg
 11082 | D:11     | Noticed a white ugly thing
 11094 | D:11     | Killed a white ugly thing
 11409 | D:12     | Reached skill level 10 in Dodging
 11433 | D:12     | Reached skill level 10 in Fighting
 11468 | D:12     | Reached XP level 12. HP: 37/84 MP: 12/26
 11934 | D:12     | Reached skill level 5 in Shields
 12314 | D:13     | Reached **** piety under Ashenzari
 12407 | D:13     | Got the cursed chain mail of Moacs {Str+4}
 12545 | D:13     | Noticed a tengu warrior
 12554 | D:13     | Killed a tengu warrior
 12961 | D:13     | Paralysed by a wizard for 3 turns
 12971 | D:13     | Noticed a vault guard
 13031 | D:12     | Killed a vault guard
 13323 | D:13     | Paralysed by a wizard for 7 turns
 13845 | D:13     | Found a gate to the Vaults.
 13957 | D:14     | Noticed a seven-headed hydra
 13960 | D:14     | Killed a seven-headed hydra
 13960 | D:14     | Reached XP level 13. HP: 90/90 MP: 24/27
 13989 | D:14     | Noticed Azrael
 14038 | D:13     | Reached skill level 10 in Shields
 14170 | D:14     | Killed Azrael
 14403 | D:14     | Noticed Josephine
 14455 | D:14     | Killed Josephine
 14841 | D:14     | Reached skill level 9 in Stealth
 14914 | D:14     | Reached skill level 10 in Stealth
 14917 | D:14     | Noticed Louise
 15416 | D:14     | Reached skill level 11 in Stealth
 16321 | D:14     | Killed Louise
 16321 | D:14     | Reached skill level 12 in Stealth
 16524 | D:15     | Entered Level 15 of the Dungeon
 16611 | D:15     | Reached skill level 13 in Stealth
 16618 | D:15     | Learned a level 5 spell: Irradiate
 16685 | D:15     | Reached skill level 1 in Conjurations
 16685 | D:15     | Reached skill level 1 in Transmutations
 16685 | D:15     | Reached XP level 14. HP: 63/99 MP: 12/28
 16774 | D:15     | Found a frozen archway.
 16854 | IceCv    | Entered an ice cave
 18070 | IceCv    | Noticed a frost giant
 18130 | IceCv    | Killed a frost giant
 18248 | IceCv    | Reached skill level 5 in Conjurations
 18248 | IceCv    | Reached skill level 5 in Transmutations
 18734 | D:15     | Found a staircase to the Depths.
 19073 | D:15     | Noticed Rupert
 19354 | D:15     | Paralysed by Rupert for 3 turns
 19405 | D:14     | Killed Rupert
 19898 | Orc:1    | Entered Level 1 of the Orcish Mines
 19898 | Orc:1    | Found Enanim's Magic Scroll Emporium.
 19925 | Orc:1    | Found a roughly hewn altar of Beogh.
 20400 | Orc:2    | Entered Level 2 of the Orcish Mines
 20466 | Orc:2    | Reached ***** piety under Ashenzari
 20551 | Orc:1    | Found a roughly hewn altar of Beogh.
 20819 | Orc:2    | Found a staircase to the Elven Halls.
 20875 | Orc:2    | Found Bisiph's Jewellery Emporium.
 21030 | Orc:2    | Found Goisyxta's Food Shop.
 21291 | Orc:2    | Found a roughly hewn altar of Beogh.
 21472 | Orc:2    | Found Amooquc's General Store.
 21472 | Orc:2    | Found Fucifedd's Gadget Shop.
 21699 | Orc:2    | Killed from afar by a ynoxinul

Vault maps used:
D:1:      nicolae_arrival_washed_ashore
D:2:      nicolae_overflow_hidden_temple, first_ration,
          kennysheep_generic_room_4, uniq_jessica
D:3:      chequers_ecumenical_altar_simple_redux, minmay_door_square,
          uniq_terence
D:4:      trog_eyes_of_draining, minmay_temple_entry_glass, minmay_misc_feat_x
D:5:      lemuel_coloured_pillars_altar
D:6:      kennysheep_mini, lemuel_doored_altar, corexii_shack
D:7:      serial_shops, nicolae_shop_statue_plus
D:8:      kennysheep_little_box, uniq_prince_ribbit1
D:9:      gammafunk_temple_overflow_wave, david_lair_shrubbed,
          okawaru_altar_gauntlet_db
D:10:     basic_altar, serial_shops, nicolae_shop_behind_doors
D:11:     david_orc_3, uniq_snorg, uniq_sonja
D:13:     grunt_vaults_entry_tiered, grunt_pizzeria
D:14:     moated_statue, einodemon_crawler_minivault, uniq_azrael,
          uniq_josephine, uniq_louise
D:15:     hangedman_depths_entry_try_elsewhere_first, serial_park_square3,
          portal_ice_cave_entry_ice_beasts, uniq_rupert
Orc:1:    nicolae_orc_accident_2, serial_shops, shop_fountains, basic_altar
Orc:2:    st_orc_town, nicolae_orc_bridge_out
IceCv:    ice_cave_small_giant

Skill      XL: |  1  2  3  4  5  6  7  8  9 10 11 12 13 14 |
---------------+-------------------------------------------+-----
Stealth        | 4 5 7 8 13 | 13.0
Short Blades   | 2 3 4 5 6 8 |  8.0
Spellcasting   | 7 8 |  8.0
Hexes          | 7 8 |  8.0
Fighting       | 5 7 10 11 | 11.4
Dodging        | 5 7 10 11 | 11.4
Shields        | 4 9 10 | 10.0
Conjurations   | 1 8 |  8.0
Transmutations | 1 8 |  8.1

Action                   |  1- 3 |  4- 6 |  7- 9 | 10-12 | 13-15 || total
-------------------------+-------+-------+-------+-------+-------++-------
Melee: Dagger            |    70 |   176 |   381 |   657 |   852 ||  2136
 Cast: Corona            |     7 |       |       |       |       ||     7
       Ensorcelled Hiber |    19 |    60 |    34 |   137 |   235 ||   485
       Confuse           |     1 |     9 |    21 |    55 |   104 ||   190
       Tukima's Dance    |       |     5 |     3 |     2 |    13 ||    23
       Dazzling Spray    |       |       |       |     5 |    63 ||    68
       Confusing Touch   |       |       |       |     1 |       ||     1
Invok: Curse Item        |       |       |     3 |       |       ||     3
  Use: Scroll            |       |     7 |     5 |     4 |     2 ||    18
       Potion            |       |     5 |       |     4 |     8 ||    17
 Stab: Sleeping          |    21 |    35 |    30 |    84 |   145 ||   315
       Confused          |     1 |     3 |    14 |    37 |    58 ||   113
       Distracted        |       |       |       |     1 |     2 ||     3
       Invisible         |       |       |       |       |     2 ||     2
  Eat: Chunk             |     2 |    10 |    13 |    20 |    25 ||    70
       Ration            |       |     1 |       |       |       ||     1
Armor: Robe              |    13 |    23 |    35 |    23 |       ||    94
       Leather armour    |       |       |       |    82 |    88 ||   170
       Skin              |       |       |       |     1 |       ||     1
Dodge: Dodged            |    39 |    93 |   125 |   412 |   433 ||  1102
Block: Buckler           |       |       |       |   106 |     7 ||   113
       Shield            |       |       |       |       |   462 ||   462

Table legend:
 A = Spawn XP
 B = Non-spawn XP
 C = Spawn XP percentage of total XP
 D = Spawn monster count
 E = Non-spawn monster count
 F = Spawn count percentage of total count
 G = Total turns spent on level
                    A         B        C        D         E        F      G
               +---------+---------+-------+---------+---------+-------+---------
         Total |       0 |  101436 |   0.0 |       0 |     633 |   0.0 | 21699
               +---------+---------+-------+---------+---------+-------+---------
           D:1 |       0 |      57 |   0.0 |       0 |      23 |   0.0 |   929
           D:2 |       0 |      84 |   0.0 |       0 |      17 |   0.0 |  1125
           D:3 |       0 |     123 |   0.0 |       0 |      20 |   0.0 |  1461
           D:4 |       0 |     628 |   0.0 |       0 |      16 |   0.0 |   887
           D:5 |       0 |     685 |   0.0 |       0 |      22 |   0.0 |   905
           D:6 |       0 |     679 |   0.0 |       0 |      23 |   0.0 |  1109
           D:7 |       0 |    1016 |   0.0 |       0 |      29 |   0.0 |   931
           D:8 |       0 |    2752 |   0.0 |       0 |      25 |   0.0 |   758
           D:9 |       0 |    3230 |   0.0 |       0 |      38 |   0.0 |   991
          D:10 |       0 |    2007 |   0.0 |       0 |      16 |   0.0 |   684
          D:11 |       0 |    7852 |   0.0 |       0 |      57 |   0.0 |  1431
          D:12 |       0 |    6571 |   0.0 |       0 |      29 |   0.0 |  1260
          D:13 |       0 |   12261 |   0.0 |       0 |      48 |   0.0 |  1613
          D:14 |       0 |   24693 |   0.0 |       0 |      64 |   0.0 |  2540
          D:15 |       0 |   17750 |   0.0 |       0 |      54 |   0.0 |  1470
         Orc:1 |       0 |    2506 |   0.0 |       0 |      30 |   0.0 |   711
         Orc:2 |       0 |    9209 |   0.0 |       0 |      86 |   0.0 |  1090
         IceCv |       0 |    9333 |   0.0 |       0 |      36 |   0.0 |  1694
               +---------+---------+-------+---------+---------+-------+---------
